 Dungeon Crawl Stone Soup version 0.29-a0-418-gc0181ea820 (console) character file.

Game seed: 14470612798566746004

4224 om the Basher (level 10, -1/91 HPs)
             Began as a Troll Berserker on May 17, 2022.
             Was an Elder of Trog.
             Slain by an orc
             ... wielding a +3 short sword
              (3 damage)
             ... on level 8 of the Dungeon.
             The game lasted 00:17:19 (6938 turns).

om the Basher (Troll Berserker)                     Turns: 6938, Time: 00:17:21

Health: -1/91      AC:  7    Str: 27    XL:     10   Next: 9%
Magic:  9/9        EV: 13    Int:  3    God:    Trog [****..]
Gold:   64         SH:  0    Dex: 13    Spells: 9/9 levels left

rFire   + . .      SeeInvis +   L - +0 giant spiked club
rCold   + . .      Faith    .   (shield currently unavailable)
rNeg    . . .      Spirit   .   t - +1 robe {rC+ rF+}
rPois   .          Reflect  .   (helmet restricted)
rElec   .          Harm     .   d - +1 cloak
rCorr   .          Rampage  .   (gloves unavailable)
Will    +....                   (boots unavailable)
Stlth   +.........              k - amulet of the acrobat
HPRegen 1.05/turn               e - ring of see invisible
MPRegen 0.11/turn               f - ring of willpower

@: lethally poisoned (-1 -> -2), on berserk cooldown, slowed, very slow
A: large, unfitting armour, claws 3, regeneration 1, shaggy fur 1, tough skin 1
a: Renounce Religion, Berserk, Trog's Hand, Brothers in Arms


You were on level 8 of the Dungeon.
You worshipped Trog.
Trog was greatly pleased with you.
You visited 1 branch of the dungeon, and saw 8 of its levels.
You also visited: Ossuary.

You collected 459 gold pieces.
You spent 395 gold pieces at shops.

Inventory:

Hand Weapons
 w - a +3 flail
 x - a +0 giant club
 C - a +1 vorpal flail
 L - a +0 giant spiked club (weapon)
Missiles
 g - 6 large rocks (quivered)
Armour
 b - a +1 animal skin
 d - a +1 cloak (worn)
 t - a +1 robe of resistance (worn)
 B - a +1 hat
Jewellery
 e - a ring of see invisible (left claw)
 f - a ring of willpower (right claw)
 k - an amulet of the acrobat (around neck)
 m - a ring of poison resistance
Wands
 o - a wand of acid (12)
 z - a wand of paralysis (12)
 A - a wand of polymorph (32)
Scrolls
 c - 8 scrolls of teleportation
 h - a scroll of enchant armour
 i - 4 scrolls of fog
 j - a scroll of silence
 l - 2 scrolls of poison
 q - a scroll of vulnerability
 r - a scroll of enchant weapon
 v - a scroll of fear
 y - a scroll of brand weapon {unknown}
 D - a scroll of magic mapping
 H - a scroll of torment {unknown}
 J - a scroll of amnesia {unknown}
 M - a scroll of blinking {unknown}
Potions
 a - 2 potions of heal wounds
 n - 3 potions of brilliance
 p - 3 potions of might
 s - a potion of lignification
 u - a potion of cancellation {unknown}
 E - 2 potions of invisibility {unknown}
 F - 2 potions of curing
 G - a potion of ambrosia
 I - a potion of haste
 K - a potion of flight


   Skills:
 - Level 3.0 Fighting
 * Level 9.0 Maces & Flails
 + Level 8.5 Dodging
 - Level 4.0 Evocations


You had 9 spell levels left.
You didn't know any spells.
Your spell library was empty.

Dungeon Overview and Level Annotations

Branches:
Dungeon (8/15)             Temple (0/1) D:5            Lair (0/6) D:8
Ossuary (visited)

Altars:
Dithmenos
Kikubaaqudgha

Shops:
D:2 *   D:5 =*   D:6 [   D:7 *


Innate Abilities, Weirdness & Mutations

You are too large for most types of armour.
You have claws for hands.
Your natural rate of healing is unusually fast.
You are covered in fur. (AC +1)
You have tough skin. (AC +1)


Message History

The killer bee closely misses you.
You feel sick.
The centaur warrior completely misses you.
The centaur warrior kicks you but does no damage.
The centaur warrior misses you. x2
The killer bee attacks as you move away!
The killer bee misses you.
You feel a strong urge to attack something.
You are no longer berserk.
You are exhausted.
You feel yourself slow down.
You feel sick.
The centaur warrior shouts!
The centaur warrior hits you.
* * * LOW HITPOINT WARNING * * *
The centaur warrior closely misses you.
You feel much better.
You feel sick. The centaur warrior misses you.
The centaur warrior kicks you but does no damage.
The centaur warrior hits you!
The centaur warrior kicks you but does no damage.
The orc hits you but does no damage.
The centaur warrior hits you but does no damage.
The centaur warrior kicks you but does no damage.
You fail to use your ability.
You feel sick. The centaur warrior hits you.
The centaur warrior kicks you but does no damage.
The killer bee stings you but does no damage.
The centaur warrior hits you!
* * * LOW HITPOINT WARNING * * *
The centaur warrior kicks you but does no damage.
The centaur warrior hits you!
* * * LOW HITPOINT WARNING * * *
The centaur warrior closely misses you. The orc completely misses you.
The killer bee stings you.
* * * LOW HITPOINT WARNING * * *
The centaur warrior hits you!
* * * LOW HITPOINT WARNING * * *
The centaur warrior kicks you but does no damage.
The centaur warrior hits you.
* * * LOW HITPOINT WARNING * * *
The centaur warrior kicks you but does no damage.
The orc hits you with a +3 short sword.
You die...

##.# ..# # ..# |. ##. #.# #..#
#.. #.# ##.. #.# #.## #.###..#
#.## #..# #[.##..# #..# #..#
#..##..# #.y####### ##..#
#..#...# #@oc##...###...#
##......########cc............#
#..........##..yy<..)........##
##................###.........#
#................# #.........##
##.)###.....###...##......##..##
#..# ##...## ##...#.....####..#
#.## ##..# ##......o.## ##.. #.#
#..## ##........## ##.


You could see 3 centaur warriors, 3 killer bees and an orc.

Vanquished Creatures
  A komodo dragon (D:8)
  4 yaks (D:8)
  A wyvern (D:7)
  Edmund (D:6)
  5 water moccasins
  2 orc warriors (D:8)
  A sky beast (D:7)
  3 black bears (D:8)
  2 ogres
  A centaur (D:5)
  A phantom (D:5)
  An elf zombie (Ossuary)
  A kobold brigand (D:8)
  3 necrophages
  A bullfrog (D:8)
  A gnoll sergeant (D:5)
  A scorpion (D:6)
  A killer bee (D:8)
  4 jellies
  A hound (D:6)
  6 orc priests
  3 iguanas (D:7)
  8 orc wizards
  3 mummies (Ossuary)
  3 gnolls
  7 adders
  2 shadow imps
  2 white imps (D:6)
  An adder zombie (Ossuary)
  5 worms
  A dart slug (D:5)
  23 orcs
  7 endoplasms
  4 giant cockroaches
  6 hobgoblins
  7 jackals
  3 quokkas
  5 ball pythons
  6 bats
  5 frilled lizards
  2 gnoll zombies (Ossuary)
  9 goblins
  4 hobgoblin zombies (Ossuary)
  12 kobolds
  2 kobold zombies (Ossuary)
  6 quokka zombies (Ossuary)
  3 rats
  2 rat zombies (Ossuary)
183 creatures vanquished.

Vanquished Creatures (collateral kills)
  2 yaks (D:8)
  2 kobolds (D:8)
4 creatures vanquished.

Vanquished Creatures (others)
  7 fungi (D:8)
  5 plants (D:8)
12 creatures vanquished.

Grand Total: 199 creatures vanquished

Notes
Turn   | Place    | Note
-------+----------+-------------------------------------------
     0 | D:1      | om the Troll Berserker began the quest for the Orb.
     0 | D:1      | Reached XP level 1. HP: 22/22 MP: 0/0
   236 | D:1      | Reached skill level 3 in Maces & Flails
   241 | D:1      | Reached XP level 2. HP: 29/29 MP: 1/1
   471 | D:1      | Found a faded altar of an unknown god.
   739 | D:2      | Found Faiblo's General Store.
   748 | D:2      | Bought a scroll of teleportation for 33 gold pieces
   748 | D:2      | Bought a scroll of fog for 22 gold pieces
   753 | D:2      | Found an ancient bone altar of Kikubaaqudgha.
   761 | D:2      | Reached ** piety under Trog
   786 | D:2      | Reached XP level 3. HP: 36/36 MP: 2/2
   906 | D:2      | Bought 6 large rocks for 46 gold pieces
  1753 | D:3      | Reached XP level 4. HP: 44/44 MP: 3/3
  1870 | D:3      | Reached skill level 4 in Maces & Flails
  2168 | D:4      | Noticed a necrophage
  2377 | D:4      | Reached *** piety under Trog
  2435 | D:4      | Reached XP level 5. HP: 49/53 MP: 4/4
  2738 | D:5      | Entered Level 5 of the Dungeon
  2779 | D:5      | Reached skill level 5 in Maces & Flails
  2783 | D:5      | Reached XP level 6. HP: 61/61 MP: 5/5
  2934 | D:5      | Found a staircase to the Ecumenical Temple.
  3081 | D:5      | Noticed a water moccasin
  3088 | D:5      | Killed a water moccasin
  3089 | D:5      | Reached skill level 5 in Dodging
  3089 | D:5      | Reached XP level 7. HP: 67/67 MP: 6/6
  3341 | D:5      | Found Ruwiopt's General Store.
  3344 | D:5      | Bought a scroll of identify for 22 gold pieces
  3344 | D:5      | Bought a scroll of fog for 22 gold pieces
  3489 | D:5      | Found Waepsoumne's One-of-a-Kind Rings.
  3753 | D:5      | Found a shadowy altar of Dithmenos.
  4283 | D:6      | Reached XP level 8. HP: 70/75 MP: 7/7
  4329 | D:6      | Reached **** piety under Trog
  4427 | D:6      | Reached skill level 6 in Maces & Flails
  4829 | D:6      | Found Fink's Antique Armour Emporium.
  4837 | D:6      | Bought a glowing hat for 182 gold pieces
  4861 | D:6      | Noticed Edmund
  4868 | D:6      | Killed Edmund
  5130 | D:6      | Reached skill level 1 in Evocations
  5232 | D:7      | Found a sand-covered staircase.
  5243 | Ossuary  | Entered an ossuary
  5611 | D:7      | Found Zuigeor's Assorted Antiques.
  5722 | D:7      | Reached XP level 9. HP: 81/81 MP: 8/8
  5745 | D:7      | Reached skill level 7 in Maces & Flails
  6378 | D:7      | Bought a scroll of identify for 68 gold pieces
  6514 | D:8      | Noticed a komodo dragon
  6522 | D:8      | Killed a komodo dragon
  6566 | D:8      | Reached skill level 8 in Maces & Flails
  6793 | D:8      | Reached XP level 10. HP: 74/91 MP: 9/9
  6858 | D:8      | Found a staircase to the Lair.
  6864 | D:8      | Reached skill level 9 in Maces & Flails
  6920 | D:8      | Noticed a centaur warrior
  6920 | D:8      | Noticed a centaur warrior
  6933 | D:8      | Noticed a centaur warrior
  6938 | D:8      | HP: 4/91 [centaur warrior (7)]
  6938 | D:8      | Slain by an orc

Illustrated notes

Levels and vault maps discovered:
D:1:      eino_arrival_druids_welcome, layout_loops_ring, basic_ecumenical_altar
D:2:      layout_loops_ring, basic_altar, serial_shops, shop
D:3:      layout_basic
D:4:      layout_rooms
D:5:      layout_loops_cross, general_overflow_altar, lemuel_temple_firewalk_b,
          serial_shops, kennysheep_mini, nicolae_shop_unique_rings,
          kennysheep_generic_room_16
D:6:      layout_cave_pools, serial_shops, shop, uniq_edmund
D:7:      layout_cave_pools, lightli_ossuary_entry_decrepit_ruins, serial_shops,
          nicolae_shop_waterfront, lemuel_flamethrower_2
D:8:      minmay_blocky_corners, layout_layer_cave,
          grunt_lair_entry_orc_guard_hut

Skill      XL: |  1  2  3  4  5  6  7  8  9 10 |
---------------+-------------------------------+-----
Maces & Flails | 3 4 5 6 8 9 |  9.0
Dodging        | 3 5 7 8 |  8.5
Fighting       | 3 |  3.0
Evocations     | 2 4 |  4.0

Action                   |  1- 3 |  4- 6 |  7- 9 | 10-12 || total
-------------------------+-------+-------+-------+-------++-------
Melee: Mace              |   121 |   130 |       |       ||   251
       Punch             |       |     1 |     2 |       ||     3
       Flail             |       |    36 |   226 |       ||   262
       Giant club        |       |       |    13 |       ||    13
       Giant spiked club |       |       |    82 |    26 ||   108
Throw: Large rock        |       |       |     1 |       ||     1
Invok: Berserk           |     2 |     3 |     7 |     1 ||    13
       Trog's Hand       |       |       |     1 |       ||     1
       Brothers in Arms  |       |       |     1 |       ||     1
  Use: Scroll            |     7 |     3 |     7 |       ||    17
       Potion            |       |       |     3 |     1 ||     4
 Stab: Distracted        |       |     1 |       |       ||     1
       Sleeping          |       |       |     1 |       ||     1
Armor: Animal skin       |    47 |    78 |    87 |       ||   212
       Robe              |       |       |    44 |    36 ||    80
Dodge: Dodged            |    63 |    96 |   275 |    41 ||   475

Table legend: (Time is in decaauts)
 A = Elapsed time spent in this place.
 B = Non-inter-level travel time spent in this place.
 C = Inter-level travel time spent in this place.
 D = Time resting spent in this place.
 E = Time spent auto-exploring this place.
 F = Levels seen in this place.
 G = Mean time per level.
                   A        B        C        D        E       F      G
               +--------+--------+--------+--------+--------+-----+--------+
         Total |   7156 |   6849 |    307 |   1765 |   3368 |   9 |  795.1 |
       Dungeon |   6854 |   6547 |    307 |   1648 |   3309 |   8 |  856.8 |
       Ossuary |    301 |    301 |      0 |    117 |     59 |   1 |  301.0 |
               +--------+--------+--------+--------+--------+-----+--------+

Top non-repeatable levels by time:
     D:5: 1468 daAuts
     D:6: 1072 daAuts
     D:7: 920 daAuts
     D:3: 795 daAuts
     D:2: 769 daAuts
     D:1: 714 daAuts
     D:8: 584 daAuts
     D:4: 530 daAuts
 Ossuary: 301 daAuts
